Map: Automaton LE

Players

catabi

  • Race: Terran Terran
  • League: Gold
  • Spawn Location: 9:00

Yocto - Winner!

  • Race: Zerg Zerg
  • Spawn Location: 3:00

VOD

Have the link to the VOD?

Description

Time

  • Played on: Dec. 19, 2018, 10:23 a.m.
  • Length: 11:11
Show
View Real Time Build Order
Export as new Build Order

catabi Terran 

Build Orders:  

Get SALT Encoding   

  12  0:06  SCV  
  13  0:18  SCV  
  14  0:22  Supply Depot  
  14  0:30  Refinery  
  14  0:36  SCV  
  15  0:48  Barracks  
  15  0:55  SCV  
  16  1:14  SCV  
  17  1:26  SCV  
  18  1:35  Marine  
  18  1:38  SCV  
  20  1:50  SCV  
  20  1:53  Factory  
  21  2:07  Command Center  
  21  2:11  Reaper  
  22  2:23  Supply Depot  
  22  2:30  Orbital Command  
  22  2:43  Factory Tech Lab  
  22  2:53  Barracks Tech Lab  
  22  3:09  SCV  
  23  3:21  SCV  
  23  3:24  Orbital Command  
  24  3:29  Marine  
  24  3:30  Starport  
  24  3:32  Barracks  
  25  3:37  Refinery  
  25  3:42  Stimpack  
  25  3:47  Marine  
  28  3:48  Widow Mine  
  28  3:53  SCV  
  29  4:07  SCV  
  30  4:13  Marine  
  30  4:15  Starport Reactor  
  31  4:19  SCV  
  32  4:31  Barracks Reactor  
  32  4:35  SCV x2  
  34  4:47  SCV x2  
  34  4:48  Refinery  
  36  4:54  Medivac  
  36  4:58  Marine  
  36  4:59  SCV x2  
  41  5:00  Engineering Bay  
  41  5:10  Marine x2  
  41  5:11  SCV x2  
  44  5:16  Marine  
  45  5:21  Supply Depot, Siege Tank  
  45  5:23  SCV  
  45  5:24  SCV  
  50  5:28  Marine x2  
  50  5:29  Medivac  
  50  5:34  Refinery  
  54  5:42  Marine, SCV  
  56  5:45  Terran Infantry Weapons Level 1  
  56  5:46  Marine x2  
  58  5:50  SCV  
  58  5:54  SCV  
  58  5:55  Engineering Bay  
  60  6:00  Marine  
  60  6:02  SCV  
  62  6:07  SCV  
  62  6:08  Marine x2  
  65  6:12  Siege Tank  
  65  6:14  SCV  
  69  6:19  SCV  
  69  6:22  Supply Depot  
  69  6:24  Terran Infantry Armor Level 1  
  70  6:38  Marine x2, Medivac  
  70  6:39  SCV  
  61  7:05  Widow Mine  
  63  7:12  Armory  
  63  7:13  Marine x2  
  63  7:14  Combat Shield  
  65  7:16  Factory  
  65  7:25  Missile Turret  
  65  7:26  Widow Mine  
  67  7:31  Marine x2, SCV  
  70  7:38  Supply Depot  
  70  7:42  Barracks  
  70  7:45  SCV  
  70  7:48  Widow Mine  
  70  7:49  Marine x2  
  75  8:06  Marine, Medivac  
  75  8:08  Factory Reactor  
  75  8:10  Barracks  
  78  8:14  Widow Mine, Drilling Claws  
  78  8:18  Command Center  
  80  8:25  Supply Depot  
  80  8:26  Marine x3, Supply Depot  
  83  8:31  Barracks Reactor  
  83  8:34  Barracks  
  83  8:35  Barracks  
  83  8:36  Terran Infantry Armor Level 2  
  83  8:39  Terran Infantry Weapons Level 2  
  83  8:44  Marine  
  84  8:53  Widow Mine  
  84  8:54  Widow Mine x2  
  90  9:07  Marine x3  
  90  9:08  Marine  
  83  9:59  Marine  
  73  10:00  Marine x5  
  73  10:02  Hellion  
  73  10:03  Hellion x2  
  79  10:13  Missile Turret  
  75  10:17  Marine, Missile Turret  
  75  10:18  Missile Turret  
  75  10:19  Medivac x2  
  75  10:20  Missile Turret  
  78  10:24  Hellion  
Show
View Real Time Build Order
Export as new Build Order

Yocto Zerg - Winner!

Build Orders: Hatch First, Muta Ling Bane 

Get SALT Encoding   

  12  0:01  Drone  
  13  0:20  Overlord  
  13  0:21  Drone  
  14  0:41  Drone x2  
  16  0:43  Drone  
  17  1:01  Hatchery  
  16  1:07  Drone  
  16  1:09  Extractor  
  16  1:10  Drone  
  17  1:25  Spawning Pool  
  16  1:27  Drone  
  17  1:36  Drone  
  17  1:37  Drone  
  19  1:47  Overlord  
  19  2:03  Drone  
  19  2:08  Drone  
  19  2:13  Queen  
  22  2:16  Queen  
  24  2:23  Zergling x2  
  24  2:24  Metabolic Boost  
  24  2:29  Drone  
  26  2:56  Hatchery  
  26  2:58  Queen  
  25  3:01  Drone  
  28  3:07  Zergling x2  
  28  3:12  Zergling x2  
  29  3:14  Overlord  
  29  3:25  Drone x4  
  33  3:34  Queen  
  35  3:45  Drone x2  
  35  3:46  Drone x2  
  39  3:50  Drone x2  
  41  4:03  Drone x2  
  41  4:04  Overlord x2  
  43  4:13  Baneling Nest  
  43  4:16  Overlord  
  42  4:20  Queen  
  44  4:28  Drone  
  44  4:29  Drone x4  
  44  4:30  Drone  
  50  4:36  Drone x3  
  53  4:45  Spore Crawler  
  52  4:46  Extractor  
  51  4:57  Spore Crawler  
  50  5:04  Drone  
  50  5:06  Zergling x10  
  50  5:07  Zergling x10  
  58  5:08  Zergling x4  
  58  5:11  Overlord  
  63  5:25  Zergling x6  
  63  5:26  Overlord  
  63  5:27  Overlord x2  
  66  5:38  Spore Crawler  
  66  5:39  Lair  
  65  5:50  Evolution Chamber  
  65  5:53  Evolution Chamber  
  65  5:54  Baneling  
  65  5:55  Baneling x7  
  65  5:56  Baneling x2  
  63  6:00  Extractor, Drone x3  
  63  6:03  Drone  
  63  6:04  Drone  
  67  6:14  Zergling x8  
  67  6:15  Zergling x14  
  78  6:30  Zerg Melee Weapons Level 1  
  78  6:32  Drone  
  78  6:56  Zergling x2  
  74  7:05  Overlord x2  
  74  7:06  Drone x2  
  74  7:07  Drone x12  
  88  7:27  Hatchery  
  87  7:30  Spire, Drone  
  87  7:31  Drone x2  
  87  7:32  Extractor  
  87  7:34  Drone x3  
  87  7:35  Drone  
  92  7:39  Centrifical Hooks  
  92  7:42  Zerg Ground Armor Level 1  
  92  7:45  Extractor  
  92  7:46  Extractor  
  92  7:47  Drone x3  
  92  7:48  Drone  
  92  7:49  Drone x2  
  96  7:51  Drone x2  
  96  7:52  Drone  
  99  8:06  Zergling x4  
  99  8:07  Zergling x8  
  99  8:10  Baneling x7  
  99  8:11  Baneling  
  105  8:22  Zergling x10  
  105  8:23  Zergling x8  
  114  8:32  Overlord x2  
  114  8:33  Overlord  
  114  8:43  Zergling x6  
  117  9:01  Mutalisk x3  
  117  9:02  Mutalisk x7  
  137  9:16  Zergling x12  
  137  9:17  Zergling x2  
  144  9:19  Overlord x3  
  143  9:30  Zergling x2  
  143  9:31  Zergling x4  
  122  9:53  Zergling x24  
  122  9:54  Zergling x8  
  138  10:00  Zergling x4  
  142  10:07  Zergling x8  
  144  10:17  Zergling x8  
  135  10:34  Zergling x8  
  115  10:48  Zergling x12  
  121  10:54  Infestation Pit  
Tags
 
Composition
Muta Ling Bane
League
Gold
Matchup
TvZ
Replay Pack
Yocto
Spawn Locations
Cross Positions
Add a new tag
Caveats
  • Supply blocks, unpowered buildings, or Contaminate may cause inaccurate times.
  • Supply counts are checked every 10 seconds.